 Dungeon Crawl Stone Soup version 0.30-a0-165-g1891117ce2 (webtiles) character file.

Game seed: 11661653245158222455

1967 ryw the Trooper (level 9, 0/74 HPs)
             Began as a Demonspawn Monk on Sept 29, 2022.
             Was a Follower of Yredelemnul.
             Slain by a wight
             ... wielding a +5 halberd of freezing
              (3 damage)
             ... on level 6 of the Dungeon.
             The game lasted 00:13:15 (6929 turns).

ryw the Trooper (Demonspawn Monk)                   Turns: 6929, Time: 00:13:16

Health: 0/74       AC:  8    Str: 11    XL:     9   Next: 0%
Magic:  18/18      EV: 14    Int: 15    God:    Yredelemnul [*.....]
Gold:   244        SH:  8    Dex: 17    Spells: 8/8 levels left

rFire   + . .      SeeInvis +    K - +9 falchion "Xuesepa" {vorpal, MP+9}
rCold   . . .      Faith    .    x - +0 buckler
rNeg    . . .      Spirit   .    a - +0 robe
rPois   .          Reflect  .    u - +0 helmet
rElec   .          Harm     .    E - +0 cloak
rCorr   .          Rampage  .    (no gloves)
Will    ++...                    y - +2 pair of boots
Stlth   ++........               (no amulet)
HPRegen 0.22/turn                q - ring of see invisible
MPRegen 0.16/turn                n - ring of willpower

@: no status effects
A: hooves 1, rugged brown scales 1, demonic guardian 2, condensation shield,
fire resistance 1, strong-willed 1, wild magic 1
a: Renounce Religion, Recall Undead Harvest


You were on level 6 of the Dungeon.
You worshipped Yredelemnul.
Yredelemnul was noncommittal.
You visited 2 branches of the dungeon, and saw 7 of its levels.
You also visited: Ossuary.

You collected 244 gold pieces.

Inventory:

Hand Weapons
 k - a +0 hand axe of flaming
 t - a +0 dagger of venom
 K - the +9 falchion "Xuesepa" (weapon) {vorpal, MP+9}
   (You found it on level 5 of the Dungeon)

   It inflicts extra damage upon your enemies.
   MP:        It affects your magic capacity (+9).
Missiles
 e - 73 stones (quivered)
Armour
 a - a +0 robe (worn)
 u - a +0 helmet (worn)
 x - a +0 buckler (worn)
 y - a +2 pair of boots (worn)
 E - a +0 cloak (worn)
Jewellery
 n - a ring of willpower (right hand)
 p - a ring of willpower
 q - a ring of see invisible (left hand)
 G - an amulet of the acrobat
Wands
 s - a wand of polymorph (14)
 J - a wand of paralysis (13)
Scrolls
 f - 5 scrolls of vulnerability {unknown}
 g - 2 scrolls of teleportation {unknown}
 h - 2 scrolls of brand weapon {unknown}
 j - 2 scrolls of immolation {unknown}
 l - a scroll of blinking {unknown}
 m - 3 scrolls of enchant armour {unknown}
 v - 5 scrolls of identify {unknown}
 w - a scroll of magic mapping {unknown}
 F - 2 scrolls of noise {unknown}
 H - a scroll of amnesia {unknown}
 L - a scroll of fog {unknown}
 M - a scroll of poison {unknown}
Potions
 b - 2 potions of ambrosia
 c - 2 potions of resistance
 d - a potion of cancellation {unknown}
 i - a potion of might
 o - 2 potions of flight
 r - a potion of curing
 z - a potion of degeneration
 A - 2 potions of mutation
 B - 2 potions of heal wounds {unknown}
 C - 3 potions of lignification {unknown}
 D - a potion of brilliance {unknown}
 I - a potion of haste


   Skills:
 + Level 7.4 Fighting
 + Level 2.9 Long Blades
 - Level 6.1 Axes
 - Level 0.3 Throwing
 + Level 5.7 Dodging
 - Level 1.7 Stealth
 - Level 2.6 Unarmed Combat


You had 8 spell levels left.
You didn't know any spells.
Your spell library contained the following spells:

 Spells                   Type           Power      Damage    Failure   Level
 Portal Projectile        Hex/Tloc       0%         N/A       80%         3
 Conjure Ball Lightning   Conj/Air       0%         3x3d6     100%        6
 Storm Form               Tmut/Air       0%         N/A       100%        7


Dungeon Overview and Level Annotations

Branches:
Dungeon (6/15)             Temple (1/1) D:4         Ossuary (visited)

Altars:
Ashenzari
Cheibriados
Fedhas
Makhleb
Nemelex Xobeh
Okawaru
Ru
Sif Muna
Trog
Vehumet
Wu Jian
Xom
Yredelemnul


Innate Abilities, Weirdness & Mutations

You have large cloven feet.
You are partially covered in rugged brown scales. (AC +1, +3% HP)
A demonic guardian rushes to your aid.
A meltable shield of frost defends you. (SH +4)
Your flesh is heat resistant. (rF+)
You are strong-willed. (Will+)
Your spells are a little harder to cast, but a little more powerful.


Message History

Your experience leads to an increase in your attributes!
Increase (S)trength, (I)ntelligence, or (D)exterity?
You feel clever. x2; Your demonic ancestry asserts itself...
Frost condenses into a shield before you.
Your movement speed is average.
Your attack delay is about 1.2.
Your damage rating with the +9 falchion "Xuesepa" {vorpal, MP+9} is about 20 (Base 8 x 117% (Dex) x 118% (Skill) + 9 (Ench)) + Vorpal.
Unknown command.
Unknown command.
A wight comes into view.
It is wielding a +5 halberd of freezing.
Items here: ))) [[[.
Okay, then.
The wight hits your orange demon with a +5 halberd of freezing.
The wight freezes your orange demon.
Your orange demon stings the wight.
Your orange demon barely misses the wight.
Things that are here:
a +1 long sword; a +0 robe You are too injured to fight recklessly!
You are too injured to fight recklessly!
You are too injured to fight recklessly!
You are too injured to fight recklessly!
Unknown command.
You are too injured to fight recklessly!
You are too injured to fight recklessly!
You are too injured to fight recklessly!
You are too injured to fight recklessly!
You block the wight's attack.
Your orange demon stings the wight!
Your orange demon hits the wight.
You swap places.
The wight hits you with a +5 halberd of freezing!
* * * LOW HITPOINT WARNING * * *
A demonic guardian appears!
The wight freezes you.
* * * LOW HITPOINT WARNING * * *
Your orange demon barely misses the wight.
You closely miss the wight.
The wight is severely damaged.
The wight hits you with a +5 halberd of freezing!
* * * LOW HITPOINT WARNING * * *
The wight freezes you.
You die...
Your body rises from the dead as a mindless zombie.

#.#.###.##≈≈≈≈.#.#
#.
#...........##.#.#
#.
###.#Z....########
## #Z.#..###
##.###.## ♣ #Z##
##.#...
#)Z###.#....
#..4#4......
#..Z@z......
#.#########♣ #.#
#.# ... .#.


You could see a wight (ally target), a friendly orange demon (summoned), a
friendly hellwing (summoned), a friendly hound zombie, a friendly orc zombie and
a friendly orc warrior zombie.

Vanquished Creatures
  An orc warrior (D:6)
  3 ogres
  A phantom (D:5)
  2 elf zombies (Ossuary)
  A necrophage (D:6)
  A scorpion (D:5)
  2 wights (D:6)
  A howler monkey (D:6)
  A centaur zombie (Ossuary)
  5 human zombies (Ossuary)
  2 orc priests (D:6)
  4 hounds
  Jessica (D:3)
  Natasha (D:2)
  An iguana (D:5)
  2 orc wizards
  3 mummies (Ossuary)
  Robin (D:3)
  2 gnolls (D:4)
  6 adders
  2 worms (D:2)
  A dart slug (D:1)
  7 orcs
  4 endoplasms
  7 giant cockroaches
  8 goblins
  3 hobgoblins
  4 kobolds
  4 quokkas
  10 ball pythons
  4 bats
  11 frilled lizards
  A goblin zombie (D:4)
  A quokka zombie (D:4)
  4 rats
112 creatures vanquished.

Vanquished Creatures (collateral kills)
  An elf zombie (Ossuary)
  A scorpion (D:3)
  2 wights (D:6)
  A centaur zombie (Ossuary)
  2 human zombies (Ossuary)
  A gnoll bouda (D:4)
  An iguana (D:5)
  4 gnolls (D:4)
  2 adders (D:4)
  An orc (D:4)
  A ball python (D:1)
  An endoplasm (D:1)
  A giant cockroach (D:4)
  9 goblins
  4 hobgoblins
  A quokka (D:4)
  2 kobolds (D:1)
35 creatures vanquished.

Vanquished Creatures (others)
  An adder zombie (D:4)
  A gnoll zombie (D:4)
  A giant cockroach zombie (D:4)
  An orc zombie (D:4)
  3 plants (D:3)
7 creatures vanquished.

Grand Total: 154 creatures vanquished

Notes
Turn   | Place    | Note
-------+----------+-------------------------------------------
     0 | D:1      | ryw the Demonspawn Monk began the quest for the Orb.
     0 | D:1      | Reached XP level 1. HP: 18/18 MP: 1/1
   344 | D:1      | Gained mutation: A weak demonic guardian rushes to your
                  | aid. [demonic ancestry]
   344 | D:1      | Reached XP level 2. HP: 24/24 MP: 2/2
   545 | D:1      | Found a faded altar of an unknown god.
   779 | D:1      | Reached skill level 4 in Fighting
   934 | D:1      | Got Sif Muna's Teachings on the Tempest and Glamour
   975 | D:1      | Reached XP level 3. HP: 12/30 MP: 3/3
  1422 | D:2      | Found a sacrificial altar of Ru.
  1500 | D:2      | Noticed Natasha
  1519 | D:2      | Killed Natasha
  2082 | D:2      | Gained mutation: A demonic guardian rushes to your aid.
                  | [demonic ancestry]
  2082 | D:2      | Reached XP level 4. HP: 26/38 MP: 4/4
  2392 | D:2      | Reached skill level 1 in Axes
  2717 | D:3      | Noticed a scorpion
  2737 | D:3      | Killed a scorpion
  2738 | D:3      | Reached skill level 5 in Fighting
  2738 | D:3      | Gained mutation: You are partially covered in rugged brown
                  | scales. (AC +1, +3% HP) [demonic ancestry]
  2738 | D:3      | Reached XP level 5. HP: 24/45 MP: 5/5
  2967 | D:3      | Noticed Jessica
  2974 | D:3      | Killed Jessica
  3025 | D:3      | Found an ornate altar of the Wu Jian Council.
  3026 | D:3      | Noticed Robin
  3054 | D:3      | Killed Robin
  3627 | D:3      | Found a blossoming altar of Fedhas.
  3728 | D:4      | Found a staircase to the Ecumenical Temple.
  3736 | Temple   | Entered the Ecumenical Temple
  3779 | Temple   | Became a worshipper of Yredelemnul the Dark
  3779 | Temple   | Reached * piety under Yredelemnul
  3779 | Temple   | Reached ** piety under Yredelemnul
  3809 | D:4      | Reached XP level 6. HP: 25/52 MP: 6/6
  3821 | D:4      | HP: 2/52 [gnoll/+0 falchion[a gnoll bouda] (3)]
  4305 | D:4      | Found a sand-covered staircase.
  4312 | Ossuary  | Entered an ossuary
  4410 | Ossuary  | Gained mutation: Your spells are a little harder to cast,
                  | but a little more powerful. [potion of mutation]
  4410 | Ossuary  | Gained mutation: Your flesh is heat resistant. (rF+)
                  | [potion of mutation]
  4410 | Ossuary  | Gained mutation: You are strong-willed. (Will+) [potion of
                  | mutation]
  4637 | Ossuary  | Gained mutation: You have large cloven feet. [demonic
                  | ancestry]
  4637 | Ossuary  | Reached XP level 7. HP: 52/58 MP: 7/7
  5008 | Ossuary  | Reached skill level 6 in Fighting
  5008 | Ossuary  | Reached skill level 5 in Axes
  5584 | D:5      | Entered Level 5 of the Dungeon
  5612 | D:5      | Reached XP level 8. HP: 34/65 MP: 8/8
  6187 | D:5      | Identified the +9 falchion "Xuesepa" {vorpal, MP+9}
  6555 | D:6      | Reached skill level 1 in Long Blades
  6555 | D:6      | Reached skill level 5 in Dodging
  6621 | D:6      | Reached skill level 7 in Fighting
  6800 | D:6      | Found a radiant altar of Vehumet.
  6925 | D:6      | Gained mutation: A meltable shield of frost defends you.
                  | (SH +4) [demonic ancestry]
  6925 | D:6      | Reached XP level 9. HP: 22/74 MP: 9/9
  6929 | D:6      | HP: 3/74 [wight/+5 halberd of freezing (7)]
  6929 | D:6      | Slain by a wight

Illustrated notes

Levels and vault maps discovered:
D:1:      tarquinn_simple_flora_water_c, layout_rooms,
          shapermc_ecumenical_altar_mp_highgroup, minmay_pentomino_q2
D:2:      layout_basic, basic_altar, uniq_natasha
D:3:      layout_rooms, fedhas_altar_fruit_tree, elyvilon_altar_4,
          mainiacjoe_overflow_surrounded_room, minmay_lizard_king, uniq_robin,
          uniq_jessica
D:4:      layout_rooms, minmay_temple_entry_metal_lava, gup_sewer_entry_glass,
          enter_ossuary_4
D:5:      layout_cave_pools
D:6:      layout_loops_ring, nicolae_vehumet_altar_sigil, serial_rivers,
          chequers_serial_rivers_room_b, chequers_serial_rivers_room_b,
          chequers_serial_rivers_large_b, chequers_serial_rivers_micro_b,
          chequers_serial_rivers_micro_d, uniq_crazy_yiuf_cottage, uniq_sigmund
Temple:   nicolae_temple_superstar

Skill      XL: |  1  2  3  4  5  6  7  8 |
---------------+-------------------------+-----
Fighting       | 4 5 6 7 |  7.4
Axes           | 2 3 4 5 6 |  6.1
Dodging        | 3 4 5 |  5.7
Long Blades    | 2 |  2.9
Throwing       | |  0.3
Stealth        | |  1.7
Unarmed Combat | |  2.6

Action                   |  1- 3 |  4- 6 |  7- 9 || total
-------------------------+-------+-------+-------++-------
Melee: Unarmed           |    78 |       |       ||    78
       Punch             |     2 |     5 |     4 ||    11
       Hand axe          |    30 |   175 |   177 ||   382
       Kick              |       |       |    49 ||    49
       Falchion          |       |       |    52 ||    52
Throw: Stone             |     2 |     1 |     3 ||     6
  Use: Potion            |       |     6 |       ||     6
 Stab: Sleeping          |     4 |     3 |     1 ||     8
       Distracted        |       |       |     3 ||     3
Armor: Robe              |    12 |    44 |    51 ||   107
Dodge: Dodged            |    60 |    99 |   119 ||   278
Block: Buckler           |       |       |    13 ||    13

Table legend: (Time is in decaauts)
 A = Elapsed time spent in this place.
 B = Non-inter-level travel time spent in this place.
 C = Inter-level travel time spent in this place.
 D = Time resting spent in this place.
 E = Time spent auto-exploring this place.
 F = Levels seen in this place.
 G = Mean time per level.
                   A        B        C        D        E       F      G
               +--------+--------+--------+--------+--------+-----+--------+
         Total |   6991 |   6900 |     91 |   2302 |   3272 |   8 |  873.9 |
       Dungeon |   6028 |   5943 |     85 |   2054 |   2870 |   6 | 1004.7 |
        Temple |     50 |     44 |      6 |      0 |      0 |   1 |   50.0 |
       Ossuary |    911 |    911 |      0 |    248 |    402 |   1 |  911.0 |
               +--------+--------+--------+--------+--------+-----+--------+

Top non-repeatable levels by time:
     D:3: 1569 daAuts
     D:1: 1343 daAuts
     D:2: 1102 daAuts
     D:5: 964 daAuts
 Ossuary: 911 daAuts
     D:4: 652 daAuts
     D:6: 396 daAuts
  Temple: 50 daAuts
